| TOP OF THE 1ST |
|
Boston Red Sox batting - Pitching for Chicago White Sox : RHP Pete Vuckovich
|
|
Pitching: RHP Pete Vuckovich
|
|
|
Batting: LHB Claudell Washington
|
0-0: Fly out, F4 (Flyball, 34D, EV 89.4 MPH)
|
|
Batting: LHB Willie Aikens
|
0-0: Ball 1-0: Called Strike 1-1: Called Strike 1-2: Ball 2-2: Foul Ball, location: 2F 2-2: Ball 3-2: Reached on error, E4 (Popup, 34D, EV 73.8 MPH)
|
|
Batting: LHB George Brett
|
0-0: Called Strike 0-1: Fielders Choice at 2nd, 5-4 (Groundball, 56, EV 103.8 MPH)
|
|
Batting: RHB Jeff Burroughs
|
0-0: Ball 1-0: Called Strike 1-1: Foul Ball, location: 2F 1-2: Ball 2-2: Fly out, F9 (Flyball, 9S, EV 81.3 MPH)
|
| Top of the 1st over - 0 runs, 0 hits, 1 error, 1 left on base; Boston 0 - Chicago 0 |
| BOTTOM OF THE 1ST |
|
Chicago White Sox batting - Pitching for Boston Red Sox : RHP Tom M Carroll
|
|
Pitching: RHP Tom M Carroll
|
|
|
Batting: SHB Dwayne Taggart
|
0-0: Swinging Strike 0-1: Called Strike 0-2: Fly out, F9 (Flyball, 9D, EV 86.3 MPH)
|
|
Batting: RHB Brian Downing
|
0-0: Ball 1-0: Foul Ball, location: 2F 1-1: Called Strike 1-2: Fly out, F9 (Flyball, 9LS, EV 83.8 MPH)
|
|
Batting: RHB Steve Henderson
|
0-0: Foul Ball, location: 2F 0-1: Fly out, F9 (Flyball, 89M, EV 80.0 MPH)
|
| Bottom of the 1st over - 0 runs, 0 hits, 0 errors, 0 left on base; Boston 0 - Chicago 0 |
| TOP OF THE 2ND |
|
Boston Red Sox batting - Pitching for Chicago White Sox : RHP Pete Vuckovich
|
|
Batting: SHB Reggie Smith
|
0-0: Foul Ball, location: 2F 0-1: Called Strike 0-2: Ball 1-2: Ball 2-2: Foul Ball, location: 2F 2-2: Ball 3-2: Ground out 4-3 (Groundball, 4, EV 78.8 MPH)
|
|
Batting: RHB Richie Zisk
|
0-0: Called Strike 0-1: Ball 1-1: Ball 2-1: Foul Ball, location: 2F 2-2: Strikes out swinging
|
|
Batting: LHB Ted May
|
0-0: Foul Ball, location: 2F 0-1: Ball 1-1: Foul Ball, location: 2F 1-2: Fly out, F6 (Popup, 6D, EV 66.3 MPH)
|
| Top of the 2nd over - 0 runs, 0 hits, 0 errors, 0 left on base; Boston 0 - Chicago 0 |
| BOTTOM OF THE 2ND |
|
Chicago White Sox batting - Pitching for Boston Red Sox : RHP Tom M Carroll
|
|
Batting: RHB Mike Heath
|
0-0: Ball 1-0: Ball 2-0: Ball 3-0: Base on Balls
|
|
Batting: LHB Mitchell Page
|
0-0: Called Strike 0-1: Ball 1-1: Ball 2-1: Swinging Strike 2-2: Ball 3-2: Foul Ball, location: 2F 3-2: Base on Balls Mike Heath to second
|
|
Batting: LHB Rudy Law
|
0-0: Ball 1-0: Ball 2-0: Swinging Strike 2-1: Called Strike Mike Heath is caught stealing 3rd base 2-5 2-2: Foul Ball, location: 2F 2-2: Foul Ball, location: 2F 2-2: Foul Ball, location: 2F 2-2: SINGLE (Line Drive, 6MD, EV 97.5 MPH) Mitchell Page to second Runner from 2nd tries for 3rd, SAFE, throw by CF made to third
|
|
Batting: LHB Ryan MacFarland
|
0-0: Called Strike 0-1: Ball 1-1: Swinging Strike 1-2: Strikes out swinging
|
|
Batting: SHB Ozzie Smith
|
0-0: Ball 1-0: Ball 2-0: Ball 3-0: Swinging Strike 3-1: Fly out, F7 (Line Drive, 7, EV 90.0 MPH)
|
| Bottom of the 2nd over - 0 runs, 1 hit, 0 errors, 2 left on base; Boston 0 - Chicago 0 |
| TOP OF THE 3RD |
|
Boston Red Sox batting - Pitching for Chicago White Sox : RHP Pete Vuckovich
|
|
Batting: RHB Mark Grady
|
0-0: Foul Ball, location: 2F 0-1: Ball 1-1: Swinging Strike 1-2: Foul Ball, location: 7LSF, Error on foul ball, E7 1-2: Strikes out looking
|
|
Batting: RHB Kevin Klettke
|
0-0: Called Strike 0-1: Called Strike 0-2: Foul Ball, location: 2F 0-2: Fly out, F8 (Flyball, 8RD, EV 93.1 MPH)
|
|
Batting: LHB Claudell Washington
|
0-0: Fly out, F5 (Flyball, 5D, EV 84.4 MPH)
|
| Top of the 3rd over - 0 runs, 0 hits, 1 error, 0 left on base; Boston 0 - Chicago 0 |
| BOTTOM OF THE 3RD |
|
Chicago White Sox batting - Pitching for Boston Red Sox : RHP Tom M Carroll
|
|
Batting: RHB Brian Harper
|
0-0: SINGLE (Groundball, 5S, EV 71.9 MPH) (infield hit)
|
|
Batting: SHB Dwayne Taggart
|
0-0: Called Strike 0-1: Fielders Choice at 2nd, 6-4 (Groundball, 6, EV 101.3 MPH)
|
|
Batting: RHB Brian Downing
|
0-0: Called Strike Dwayne Taggart steals 2nd, throwing error, E2 Dwayne Taggart to third 0-1: Called Strike 0-2: Ball 1-2: Ball 2-2: Ball 3-2: Base on Balls
|
|
Batting: RHB Steve Henderson
|
0-0: Called Strike Pickoff Throw to First - Out! 1-3 0-1: Called Strike 0-2: SINGLE (Groundball, 3D, EV 108.8 MPH) Dwayne Taggart scores
|
|
Batting: RHB Mike Heath
|
0-0: Foul Ball, location: 2F 0-1: Ball 1-1: Ball Steve Henderson steals 2nd base 2-1: Ground out 6-3 (Groundball, 6S, EV 62.5 MPH)
|
| Bottom of the 3rd over - 1 run, 2 hits, 1 error, 1 left on base; Boston 0 - Chicago 1 |
| TOP OF THE 4TH |
|
Boston Red Sox batting - Pitching for Chicago White Sox : RHP Pete Vuckovich
|
|
Batting: LHB Willie Aikens
|
0-0: Called Strike 0-1: Called Strike 0-2: Ball 1-2: Strikes out swinging
|
|
Batting: LHB George Brett
|
0-0: Called Strike 0-1: DOUBLE (Line Drive, 7D, EV 96.3 MPH)
|
|
Batting: RHB Jeff Burroughs
|
0-0: Ball 1-0: Foul Ball, location: 2F 1-1: Ball 2-1: Swinging Strike 2-2: Fly out, F9 (Flyball, 89S, EV 90.0 MPH)
|
|
Batting: SHB Reggie Smith
|
0-0: Swinging Strike 0-1: Ball 1-1: Swinging Strike 1-2: Foul Ball, location: 2F 1-2: Foul Ball, location: 2F 1-2: Ground out 5-3 (Groundball, 56, EV 111.9 MPH)
|
| Top of the 4th over - 0 runs, 1 hit, 0 errors, 1 left on base; Boston 0 - Chicago 1 |
| BOTTOM OF THE 4TH |
|
Chicago White Sox batting - Pitching for Boston Red Sox : RHP Tom M Carroll
|
|
Batting: LHB Mitchell Page
|
0-0: Called Strike 0-1: Ball 1-1: Swinging Strike 1-2: DOUBLE (Line Drive, 89M, EV 99.4 MPH)
|
|
Batting: LHB Rudy Law
|
0-0: Ball 1-0: Called Strike 1-1: Called Strike 1-2: Ball 2-2: Ball 3-2: Foul Ball, location: 2F 3-2: Foul Ball, location: 2F 3-2: Foul Ball, location: 2F 3-2: Foul Ball, location: 2F 3-2: Base on Balls
|
|
Batting: LHB Ryan MacFarland
|
0-0: Ball 1-0: Foul Ball, location: 2F 1-1: Fly out, F6 (Popup, 56, EV 68.1 MPH)
|
|
Batting: SHB Ozzie Smith
|
0-0: Ball 1-0: Foul Ball, location: 2F 1-1: Fly out, F9 (Flyball, 9, EV 90.0 MPH)
|
|
Batting: RHB Brian Harper
|
0-0: Ball 1-0: Ball 2-0: Ball 3-0: Base on Balls Mitchell Page to third Rudy Law to second
|
|
Batting: SHB Dwayne Taggart
|
0-0: Swinging Strike 0-1: Called Strike 0-2: Ball 1-2: Strikes out looking
|
| Bottom of the 4th over - 0 runs, 1 hit, 0 errors, 3 left on base; Boston 0 - Chicago 1 |
| TOP OF THE 5TH |
|
Boston Red Sox batting - Pitching for Chicago White Sox : RHP Pete Vuckovich
|
|
Batting: RHB Richie Zisk
|
0-0: Ball 1-0: Called Strike 1-1: Called Strike 1-2: Foul Ball, location: 2F 1-2: Foul Ball, location: 2F 1-2: Ball 2-2: Strikes out looking
|
|
Batting: LHB Ted May
|
0-0: Ball 1-0: Called Strike 1-1: Foul Ball, location: 2F 1-2: Ball 2-2: Ball 3-2: Fly out, F9 (Line Drive, 9, EV 87.5 MPH)
|
|
Batting: RHB Mark Grady
|
0-0: DOUBLE (Flyball, 89D, EV 91.9 MPH)
|
|
Batting: RHB Kevin Klettke
|
0-0: Foul Ball, location: 2F 0-1: Fly out, F8 (Flyball, 89D, EV 97.5 MPH)
|
| Top of the 5th over - 0 runs, 1 hit, 0 errors, 1 left on base; Boston 0 - Chicago 1 |
| BOTTOM OF THE 5TH |
|
Chicago White Sox batting - Pitching for Boston Red Sox : RHP Tom M Carroll
|
|
Batting: RHB Brian Downing
|
0-0: Swinging Strike 0-1: SINGLE (Groundball, 6D, EV 101.9 MPH)
|
|
Batting: RHB Steve Henderson
|
0-0: 2-RUN HOME RUN (Flyball, 78XD, EV 107.5 MPH), Distance : 407 ft
|
|
Batting: RHB Mike Heath
|
0-0: Fly out, F8 (Flyball, 8LXD, EV 88.8 MPH)
|
|
Batting: LHB Mitchell Page
|
0-0: Ball 1-0: Foul Ball, location: 2F 1-1: Foul Ball, location: 2F 1-2: SINGLE (Groundball, 4D, EV 94.4 MPH)
|
|
Batting: LHB Rudy Law
|
0-0: Ball 1-0: Called Strike 1-1: Fly out, F4 (Flyball, 34D, EV 75.6 MPH)
|
|
Batting: LHB Ryan MacFarland
|
0-0: Ball 1-0: Fly out, F8 (Flyball, 8RM, EV 83.8 MPH)
|
| Bottom of the 5th over - 2 runs, 3 hits, 0 errors, 1 left on base; Boston 0 - Chicago 3 |
| TOP OF THE 6TH |
|
Boston Red Sox batting - Pitching for Chicago White Sox : RHP Pete Vuckovich
|
|
Batting: LHB Claudell Washington
|
0-0: Called Strike 0-1: Ground out 6-3 (Groundball, 6, EV 109.4 MPH)
|
|
Batting: LHB Willie Aikens
|
0-0: Foul Ball, location: 2F 0-1: Swinging Strike 0-2: Ground out U3 (Groundball, 3, EV 100.6 MPH)
|
|
Batting: LHB George Brett
|
0-0: Ground out 4-3 (Groundball, 4, EV 79.4 MPH)
|
| Top of the 6th over - 0 runs, 0 hits, 0 errors, 0 left on base; Boston 0 - Chicago 3 |
| BOTTOM OF THE 6TH |
|
Chicago White Sox batting - Pitching for Boston Red Sox : RHP Tom M Carroll
|
|
Batting: SHB Ozzie Smith
|
0-0: Called Strike 0-1: Fly out, F8 (Line Drive, 8LD, EV 96.3 MPH)
|
|
Batting: RHB Brian Harper
|
0-0: Ball 1-0: Swinging Strike 1-1: Ground out 6-3 (Groundball, 6, EV 104.4 MPH)
|
|
Batting: SHB Dwayne Taggart
|
0-0: Called Strike 0-1: Ground out 6-3 (Groundball, 6, EV 106.9 MPH)
|
| Bottom of the 6th over - 0 runs, 0 hits, 0 errors, 0 left on base; Boston 0 - Chicago 3 |
| TOP OF THE 7TH |
|
Boston Red Sox batting - Pitching for Chicago White Sox : RHP Pete Vuckovich
|
|
Batting: RHB Jeff Burroughs
|
0-0: Called Strike 0-1: Called Strike 0-2: Ball 1-2: Ball 2-2: Fly out, F3 (Popup, 3S, EV 71.3 MPH)
|
|
Batting: SHB Reggie Smith
|
0-0: Foul Ball, location: 2F 0-1: Ball 1-1: Ball 2-1: Foul Ball, location: 2F 2-2: Ground out 6-3 (Groundball, 4M, EV 101.3 MPH)
|
|
Batting: RHB Richie Zisk
|
0-0: Ball 1-0: Ball 2-0: Ball 3-0: Base on Balls
|
|
Batting: LHB Ted May
|
0-0: Ball 1-0: Ball 2-0: Foul Ball, location: 2F 2-1: Foul Ball, location: 2F 2-2: Foul Ball, location: 2F 2-2: Ball 3-2: SINGLE (Flyball, 8LS, EV 91.3 MPH) Richie Zisk to second Richie Zisk to third
|
|
Batting: RHB Mark Grady
|
0-0: Swinging Strike 0-1: Ball 1-1: SINGLE (Groundball, 4MD, EV 106.9 MPH) Richie Zisk scores Ted May to second Runner from 2nd tries for 3rd, SAFE, throw by CF made to third
|
|
Batting: RHB Kevin Klettke
|
0-0: Ball 1-0: Called Strike 1-1: Ball 2-1: Foul Ball, location: 2F 2-2: Reached on error, E6 (Groundball, 6, EV 86.9 MPH) Ted May scores Mark Grady to second
|
|
Batting: LHB Claudell Washington
|
0-0: Ball 1-0: SINGLE (Line Drive, 8RS, EV 92.5 MPH) Mark Grady to third Kevin Klettke to second
|
|
Batting: LHB Willie Aikens
|
0-0: Called Strike 0-1: Fly out, F8 (Line Drive, 8LD, EV 86.9 MPH)
|
| Top of the 7th over - 2 runs, 3 hits, 1 error, 3 left on base; Boston 2 - Chicago 3 |
| BOTTOM OF THE 7TH |
|
Chicago White Sox batting - Pitching for Boston Red Sox : RHP Tom M Carroll
|
|
Batting: RHB Brian Downing
|
0-0: Ball 1-0: Foul Ball, location: 2F 1-1: Ground out 5-3 (Groundball, 56S, EV 89.4 MPH)
|
|
Batting: RHB Steve Henderson
|
0-0: Called Strike 0-1: Foul Ball, location: 2F 0-2: Foul Ball, location: 2F 0-2: Ball 1-2: Strikes out looking
|
|
Batting: RHB Mike Heath
|
0-0: Called Strike 0-1: Foul Ball, location: 2F 0-2: Foul Ball, location: 2F 0-2: Strikes out swinging
|
| Bottom of the 7th over - 0 runs, 0 hits, 0 errors, 0 left on base; Boston 2 - Chicago 3 |
| TOP OF THE 8TH |
|
Boston Red Sox batting - Pitching for Chicago White Sox : RHP Pete Vuckovich
|
|
Batting: LHB George Brett
|
0-0: Ground out 4-3 (Groundball, 34, EV 105.0 MPH)
|
|
Batting: RHB Jeff Burroughs
|
0-0: Foul Ball, location: 2F 0-1: Ball 1-1: Called Strike 1-2: Ball 2-2: Foul Ball, location: 2F 2-2: Foul Ball, location: 2F 2-2: Ball 3-2: Foul Ball, location: 2F 3-2: SINGLE (Groundball, 4MD, EV 103.8 MPH)
|
|
Pitching: LHP Jim Goetz
|
|
|
Pinch Runner at 1st Albert Hall:
|
|
|
Batting: SHB Reggie Smith
|
0-0: Ball 1-0: Called Strike 1-1: Foul Ball, location: 2F 1-2: Fly out, F9 (Flyball, 9S, EV 80.0 MPH)
|
|
Batting: RHB Richie Zisk
|
0-0: Called Strike 0-1: Ball 1-1: Fly out, F9 (Flyball, 9LM, EV 78.8 MPH)
|
| Top of the 8th over - 0 runs, 1 hit, 0 errors, 1 left on base; Boston 2 - Chicago 3 |
| BOTTOM OF THE 8TH |
|
Chicago White Sox batting - Pitching for Boston Red Sox : RHP Tom M Carroll
|
|
Batting: LHB Mitchell Page
|
0-0: Called Strike 0-1: Ball 1-1: Ground out 4-3 (Groundball, 4, EV 102.5 MPH)
|
|
Batting: LHB Rudy Law
|
0-0: Foul Ball, location: 2F 0-1: Called Strike 0-2: Ball 1-2: Foul Ball, location: 2F 1-2: SINGLE (Flyball, 89S, EV 93.1 MPH)
|
|
Batting: LHB Ryan MacFarland
|
0-0: Called Strike Rudy Law steals 2nd base 0-1: Ground out 4-3 (Groundball, 4, EV 100.0 MPH) Rudy Law to third
|
|
Pitching: LHP Kenneth Kollmyer
|
|
|
Batting: SHB Ozzie Smith
|
0-0: Fly out, F8 (Flyball, 8LS, EV 91.3 MPH)
|
| Bottom of the 8th over - 0 runs, 1 hit, 0 errors, 1 left on base; Boston 2 - Chicago 3 |
| TOP OF THE 9TH |
|
Boston Red Sox batting - Pitching for Chicago White Sox : LHP Jim Goetz
|
|
Pinch Hitting: SHB Dave Collins
|
0-0: Foul Ball, location: 2F 0-1: Ball 1-1: Foul Ball, location: 2F 1-2: Ground out 4-3 (Groundball, 34, EV 106.3 MPH)
|
|
Batting: RHB Mark Grady
|
0-0: SOLO HOME RUN (Line Drive, 78XD, EV 105.6 MPH), Distance : 418 ft
|
|
Batting: RHB Kevin Klettke
|
0-0: Called Strike 0-1: Ball 1-1: Ground out 5-3 (Groundball, 5L, EV 110.0 MPH)
|
|
Batting: LHB Claudell Washington
|
0-0: Ball 1-0: SINGLE (Flyball, 3D, EV 83.8 MPH)
|
|
Batting: LHB Willie Aikens
|
0-0: Called Strike 0-1: Called Strike 0-2: Foul Ball, location: 2F 0-2: Strikes out looking
|
| Top of the 9th over - 1 run, 2 hits, 0 errors, 1 left on base; Boston 3 - Chicago 3 |
| BOTTOM OF THE 9TH |
|
Chicago White Sox batting - Pitching for Boston Red Sox : LHP Kenneth Kollmyer
|
|
Now at C: Scotti Madison
|
|
|
Batting: RHB Brian Harper
|
0-0: Ball 1-0: Ball 2-0: DOUBLE (Line Drive, 89XD, EV 100.0 MPH)
|
|
Batting: SHB Dwayne Taggart
|
0-0: Ball 1-0: Ball 2-0: Called Strike 2-1: Swinging Strike 2-2: Foul Ball, location: 2F 2-2: Foul Ball, location: 2F 2-2: Fly out, F7 (Flyball, 7LM, EV 82.5 MPH)
|
|
Batting: RHB Brian Downing
|
0-0: Swinging Strike 0-1: Called Strike 0-2: Ball 1-2: Strikes out swinging
|
|
Batting: RHB Steve Henderson
|
0-0: Intentional Walk
|
|
Batting: RHB Mike Heath
|
0-0: Foul Ball, location: 2F 0-1: Ball 1-1: Fly out, F8 (Flyball, 8LD, EV 103.1 MPH)
|
| Bottom of the 9th over - 0 runs, 1 hit, 0 errors, 2 left on base; Boston 3 - Chicago 3 |
| TOP OF THE 10TH |
|
Boston Red Sox batting - Pitching for Chicago White Sox : LHP Jim Goetz
|
|
Batting: LHB George Brett
|
0-0: Ball 1-0: Called Strike 1-1: Fly out, F8 (Flyball, 8RS, EV 90.0 MPH)
|
|
Batting: SHB Albert Hall
|
0-0: Called Strike 0-1: Ball 1-1: Ball 2-1: Foul Ball, location: 2F 2-2: DOUBLE (Groundball, 5L, EV 99.4 MPH)
|
|
Batting: SHB Reggie Smith
|
0-0: Foul Ball, location: 2F 0-1: Ball 1-1: Ball 2-1: Swinging Strike 2-2: Ball 3-2: Foul Ball, location: 2F 3-2: Foul Ball, location: 2F 3-2: Reached on error, E6 (Groundball, 6MD, EV 76.3 MPH) Albert Hall scores
|
|
Batting: RHB Richie Zisk
|
0-0: Intentional Walk
|
|
Pitching: RHP Dickie Noles
|
|
|
Batting: SHB Scotti Madison
|
0-0: Ball 1-0: Ball 2-0: Ball 3-0: Base on Balls Reggie Smith to third Richie Zisk to second
|
|
Batting: RHB Mark Grady
|
0-0: Ball 1-0: Called Strike 1-1: Swinging Strike 1-2: Fly out, F7 (Line Drive, 7, EV 93.1 MPH) Runner from 3rd tags up, SCORES, throw by LF
|
|
Batting: RHB Kevin Klettke
|
0-0: Called Strike 0-1: Called Strike 0-2: Foul Ball, location: 2F 0-2: Fly out, F7 (Line Drive, 7, EV 89.4 MPH)
|
| Top of the 10th over - 2 runs, 1 hit, 1 error, 2 left on base; Boston 5 - Chicago 3 |
| BOTTOM OF THE 10TH |
|
Chicago White Sox batting - Pitching for Boston Red Sox : LHP Kenneth Kollmyer
|
|
Now in CF: Daryl Sconiers
|
|
|
Batting: LHB Mitchell Page
|
0-0: Ball 1-0: Swinging Strike 1-1: Called Strike 1-2: Foul Ball, location: 2F 1-2: Ball 2-2: SOLO HOME RUN (Flyball, 7LD, EV 104.4 MPH), Distance : 372 ft
|
|
Pitching: RHP Bruce Sutter
|
|
|
Batting: LHB Rudy Law
|
0-0: Ball 1-0: Ball 2-0: SINGLE (Groundball, 5S, EV 74.4 MPH) (infield hit)
|
|
Batting: LHB Ryan MacFarland
|
0-0: Called Strike 0-1: Swinging Strike 0-2: Strikes out looking
|
|
Batting: SHB Ozzie Smith
|
0-0: Ball Rudy Law steals 2nd base 1-0: Ball 2-0: Called Strike 2-1: Ball 3-1: Called Strike 3-2: Base on Balls
|
|
Batting: RHB Brian Harper
|
0-0: Ball 1-0: Swinging Strike 1-1: Grounds into double play, 4-6-3 (Groundball, 4S, EV 87.5 MPH)
|
| Bottom of the 10th over - 1 run, 2 hits, 0 errors, 1 left on base; Boston 5 - Chicago 4 |
|